[Event "Titled Tuesday Blitz March 07 Late 2023"]
[White "Yu, Yangyi"]
[Black "Maksimovic, Bojan"]
[WhiteFideId "8603820"]
[BlackFideId "14408120"]
[WhiteElo "2783"]
[BlackElo "2468"]
[Result "0-1"]
[Round "10"]
[TimeControl "180+2"]
[Date "2023.03.07"]
[WhiteClock "0:00:07"]
[BlackClock "0:00:07"]

1. Nf3 Nf6 2. g3 g6 3. c4 Bg7 4. Bg2 O-O 5. O-O d6 6. Nc3 e5 7. d3 Nc6 8. Rb1 a5 9. b3 h6 10. Bb2 Be6 11. Qd2 Qd7 12. e4 Bg4 13. Nd5 Bxf3 14. Bxf3 Kh7 15. Bg2 Nd4 16. Nxf6+ Bxf6 17. Bxd4 exd4 18. f4 c6 19. Rbe1 Rfe8 20. h4 a4 21. b4 a3 22. Kh2 Kg7 23. Qf2 Ra4 24. e5 dxe5 25. fxe5 Bd8 26. Bh3 Qe7 27. e6 f5 28. h5 Rxb4 29. Qxd4+ Qf6 30. Qd7+ Qe7 31. Qd4+ Qf6 32. Qd7+ Qe7 33. hxg6 Rb2+ 34. Bg2 Rxa2 35. Qd4+ Qf6 36. Qd7+ Qe7 37. Qd4+ Qf6 38. Qc5 Bc7 39. Kh3 Qxg6 40. Qd4+ Kg8 41. Qh4 h5 42. Bf3 Qg4+ 43. Bxg4 fxg4+ 44. Qxg4+ hxg4+ 45. Kxg4 Rg2 46. Rf7 Rxg3+ 47. Kf5 Rg7 48. Kf6 Bd8+ 49. Kf5 Rxf7+ 50. exf7+ Kxf7 51. Ra1 Be7 52. d4 Ra8 53. Ra2 Bf6 54. Ke4 Ke6 55. Kd3 c5 56. d5+ Kd6 57. Kc2 Bb2 58. Kb3 b5 59. cxb5 Kxd5 60. b6 Rb8 61. Ka4 Rxb6 62. Ka5 Rb4 63. Ka6 Kc4 0-1


[Site "https://www.chess.com"]

[Event "Titled Tuesday Blitz March 07 Late 2023"]
[White "Yoo, Christopher Woojin"]
[Black "Samsonkin, Artiom"]
[WhiteFideId "30909694"]
[BlackFideId "13503111"]
[WhiteElo "2519"]
[BlackElo "2524"]
[Result "0-1"]
[Round "10"]
[TimeControl "180+2"]
[Date "2023.03.07"]
[WhiteClock "0:00:02"]
[BlackClock "0:00:03"]

1. Nf3 Nf6 2. c4 e6 3. Nc3 d5 4. e3 g6 5. d4 Bg7 6. Qc2 O-O 7. Be2 a6 8. b3 dxc4 9. bxc4 c5 10. O-O Nc6 11. Rd1 cxd4 12. exd4 Qa5 13. Bf4 Nh5 14. Bd6 Rd8 15. c5 e5 16. Nxe5 Nxe5 17. dxe5 Nf4 18. Bf3 Bf5 19. Ne4 Rac8 20. Rab1 Ne6 21. Rxb7 Bxe4 22. Bxe4 Nxc5 23. Rbb1 Na4 24. Bb4 Rxd1+ 25. Qxd1 Qxe5 26. Qxa4 Qxe4 27. Qxa6 Qxb1+ 28. Qf1 Rc1 0-1


[Site "https://www.chess.com"]

[Event "Titled Tuesday Blitz March 07 Late 2023"]
[White "Durarbayli, Vasif"]
[Black "Real_OceanStorm"]
[WhiteFideId "13402935"]
[WhiteElo "2543"]
[BlackElo "2806"]
[Result "1-0"]
[Round "10"]
[TimeControl "180+2"]
[Date "2023.03.07"]
[WhiteClock "0:01:19"]
[BlackClock "0:00:12"]

1. e4 c5 2. Nf3 Nc6 3. d4 cxd4 4. Nxd4 Nf6 5. Nc3 d6 6. Be3 e5 7. Nb3 a6 8. f3 Be6 9. Qe2 Be7 10. O-O-O O-O 11. g4 b5 12. g5 Nd7 13. h4 Nb6 14. f4 Nc4 15. f5 Nxe3 16. Qxe3 Bxb3 17. cxb3 f6 18. Rg1 Nd4 19. Kb1 Rc8 20. Nd5 Kh8 21. Bd3 a5 22. Rg2 Qe8 23. Rdg1 Rf7 24. g6 Rf8 25. gxh7 Rc5 26. Rxg7 Nxf5 27. exf5 1-0


[Site "https://www.chess.com"]

[Event "Titled Tuesday Blitz March 07 Late 2023"]
[White "Bluebaum, Matthias"]
[Black "Clarke, Brandon G I"]
[WhiteFideId "24651516"]
[BlackFideId "400319"]
[WhiteElo "2638"]
[BlackElo "2414"]
[Result "1-0"]
[Round "10"]
[TimeControl "180+2"]
[Date "2023.03.07"]
[WhiteClock "0:01:51"]
[BlackClock "0:00:06"]

1. d4 Nf6 2. c4 g6 3. Nc3 d5 4. cxd5 Nxd5 5. e4 Nxc3 6. bxc3 Bg7 7. Nf3 c5 8. Bb5+ Nc6 9. O-O O-O 10. Bxc6 bxc6 11. Qc2 cxd4 12. cxd4 Bg4 13. Ne5 Qxd4 14. Bb2 Qb6 15. Rab1 Bxe5 16. Bxe5 Qa5 17. Bc3 Qc5 18. Qb2 a5 19. Bd4 Qb4 20. Qa1 Qa4 21. Bc5 Rfe8 22. Rb7 Qxe4 23. Re1 Qd5 24. Bxe7 c5 25. Rc7 c4 26. h3 Bf5 27. Qf6 h6 28. Re5 Qd1+ 29. Kh2 Qd3 30. Bd6 Rf8 31. Bxf8 Rxf8 32. Rxf7 1-0


[Site "https://www.chess.com"]

[Event "Titled Tuesday Blitz March 07 Late 2023"]
[White "Mendez Fortes, Eduardo Jesus"]
[Black "Indjic, Aleksandar"]
[WhiteFideId "3502376"]
[BlackFideId "911925"]
[WhiteElo "2307"]
[BlackElo "2614"]
[Result "0-1"]
[Round "10"]
[TimeControl "180+2"]
[Date "2023.03.07"]
[WhiteClock "0:00:23"]
[BlackClock "0:01:09"]

1. e4 c5 2. Nf3 d6 3. d4 cxd4 4. Nxd4 Nf6 5. Nc3 a6 6. Bg5 Nbd7 7. Bc4 Qb6 8. Bb3 e6 9. Qd2 Be7 10. O-O-O Nc5 11. f3 h6 12. Be3 Qc7 13. g4 b5 14. a3 Rb8 15. Kb1 Nfd7 16. Ba2 Ne5 17. Qe1 Nc4 18. Bc1 Bd7 19. b4 Nb7 20. h4 Rc8 21. Rd3 Ne5 22. Re3 Qb6 23. Nce2 a5 24. Bb2 axb4 25. axb4 Nc4 26. Bxc4 Rxc4 27. Ra3 d5 28. Ra8+ Nd8 29. exd5 O-O 30. g5 h5 31. dxe6 Nxe6 32. Rxf8+ Bxf8 33. Bc3 Nxd4 34. Nxd4 Rxd4 35. Bxd4 Qxd4 36. c3 Qc4 37. Qe4 Qb3+ 38. Kc1 Qxc3+ 39. Kd1 Qa1+ 0-1


[Site "https://www.chess.com"]

[Event "Titled Tuesday Blitz March 07 Late 2023"]
[White "Hambleton, Aman"]
[Black "Licznerski, Lukasz"]
[WhiteFideId "2606577"]
[BlackFideId "1179250"]
[WhiteElo "2511"]
[BlackElo "2450"]
[Result "1-0"]
[Round "10"]
[TimeControl "180+2"]
[Date "2023.03.07"]
[WhiteClock "0:00:03"]
[BlackClock "0:00:05"]

1. d4 Nf6 2. Bf4 g6 3. e3 Bg7 4. h3 d6 5. c3 O-O 6. Nf3 Nc6 7. Be2 Ne4 8. Nbd2 Nxd2 9. Qxd2 e5 10. Bg3 Qe7 11. Qc2 Bf5 12. e4 Bc8 13. dxe5 Nxe5 14. O-O Re8 15. Rfe1 Bd7 16. Rad1 h6 17. Nd4 a6 18. a4 Nc6 19. Bc4 Kh7 20. Re3 Be5 21. Nxc6 Bxc6 22. Bxe5 dxe5 23. Bd5 Bxd5 24. Rxd5 c6 25. Rd2 Red8 26. Red3 b5 27. a5 Qc7 28. b4 Kg7 29. c4 Rxd3 30. Qxd3 Qe7 31. Qd6 Qe8 32. c5 Ra7 33. g3 h5 34. h4 Re7 35. Qd8 Kf6 36. Qb6 Kg7 37. Rd6 f5 38. Qxc6 Qf7 39. exf5 gxf5 40. Qd5 Qe8 41. c6 f4 42. Rd7 Rxd7 43. cxd7 Qd8 44. gxf4 exf4 45. Qg5+ 1-0


[Site "https://www.chess.com"]

[Event "Titled Tuesday Blitz March 07 Late 2023"]
[White "Timmermans, Mark"]
[Black "Deac, Bogdan-Daniel"]
[WhiteFideId "1026399"]
[BlackFideId "1226380"]
[WhiteElo "2460"]
[BlackElo "2649"]
[Result "0-1"]
[Round "10"]
[TimeControl "180+2"]
[Date "2023.03.07"]
[WhiteClock "0:00:49"]
[BlackClock "0:00:14"]

1. e4 c6 2. d4 d5 3. Bd3 dxe4 4. Bxe4 Nf6 5. Bf3 Nbd7 6. Ne2 e5 7. Nbc3 Bd6 8. Be3 O-O 9. Ng3 exd4 10. Qxd4 Bc5 11. Qd2 Bxe3 12. fxe3 Qb6 13. O-O-O Ne5 14. Qd4 Re8 15. Rhe1 Qa5 16. a3 Be6 17. Nge4 Nxe4 18. Nxe4 Rad8 19. Qb4 Qxb4 20. axb4 Kf8 21. Nc5 Bc8 22. b3 Rxd1+ 23. Kxd1 g6 24. Ke2 h5 25. Nd3 h4 26. Nxe5 Rxe5 27. Ra1 a6 28. h3 Ke7 29. Kd3 Rb5 30. Kc3 g5 31. Ra5 Kd6 32. Rxb5 axb5 33. Kd4 b6 34. Be2 c5+ 35. Ke4 f6 36. Kf3 Bb7+ 37. Kf2 Bc6 38. c3 Ke5 39. bxc5 bxc5 40. b4 cxb4 41. cxb4 Bd7 42. Bd3 f5 43. g3 Kd5 44. gxh4 gxh4 45. Kf3 Ke5 46. Kf2 Bc6 47. Kf1 f4 48. exf4+ Kxf4 49. Kf2 Bd7 50. Bf1 Ke4 51. Bg2+ Kd4 52. Kf3 Bc6+ 53. Kf2 Bxg2 54. Kxg2 Ke3 55. Kf1 Kf3 56. Kg1 Kg3 57. Kh1 Kxh3 58. Kg1 Kg3 59. Kh1 Kf3 60. Kh2 Ke4 61. Kh3 Kd4 62. Kxh4 Kc4 63. Kg3 Kxb4 64. Kf2 Kc3 65. Ke1 Kc2 0-1


[Site "https://www.chess.com"]

[Event "Titled Tuesday Blitz March 07 Late 2023"]
[White "Ibarra Jerez, Jose Carlos"]
[Black "Goltsev, Dmitry"]
[WhiteFideId "2226332"]
[BlackFideId "24176710"]
[WhiteElo "2638"]
[BlackElo "2336"]
[Result "1-0"]
[Round "10"]
[TimeControl "180+2"]
[Date "2023.03.07"]
[WhiteClock "0:00:06"]
[BlackClock "0:00:03"]

1. e4 e6 2. d4 d5 3. Nc3 c5 4. exd5 exd5 5. dxc5 Nf6 6. Be3 Nc6 7. Bb5 Be7 8. Nge2 O-O 9. O-O Be6 10. Nd4 Rc8 11. Bxc6 bxc6 12. b4 Bd7 13. f3 Re8 14. Qd3 a5 15. a3 Rb8 16. Rab1 Qc7 17. Bf2 axb4 18. Bg3 Qa5 19. Bxb8 Rxb8 20. axb4 Rxb4 21. Rxb4 Qxb4 22. Nb3 g6 23. Qe3 Bf8 24. Ne2 Qc4 25. Ned4 Nh5 26. Ra1 Qb4 27. Ra8 Kg7 28. c3 Qb7 29. Qe5+ f6 30. Qb8 Qxb8 31. Rxb8 Kf7 32. g3 Ng7 33. Kf2 h5 34. Rb7 Ke8 35. Ke2 g5 36. Na5 Bxc5 37. Naxc6 Bxc6 38. Rxg7 Bd7 39. Rh7 h4 40. gxh4 gxh4 41. Rxh4 Bd6 42. Rh8+ Ke7 43. Rh7+ Ke8 44. h4 Be5 45. Ke3 Ba4 46. h5 Kf8 47. f4 Bd6 48. Ra7 Bd1 49. h6 Kg8 50. Kd2 Bg4 51. Ke3 Kh8 52. Rg7 f5 53. Ne6 Ba3 54. Ng5 Bh5 55. Nf7+ Bxf7 56. Rxf7 Bc1+ 57. Kf3 Bd2 58. Rxf5 Bxc3 59. Rxd5 Kh7 60. Rh5 Bf6 61. Kg4 Bh8 62. Kf5 Bd4 63. Rh1 Bc3 64. Ke6 Bh8 65. Kf7 Bc3 66. f5 Kh8 67. h7 Bb2 68. Kg6 Bc3 69. Rd1 Bf6 70. Rd7 Bh4 71. Rf7 Be7 72. f6 Bd6 73. Rg7 Bf8 74. Rg8# 1-0


[Site "https://www.chess.com"]

[Event "Titled Tuesday Blitz March 07 Late 2023"]
[White "Zhigalko, Sergei"]
[Black "Aldokhin, Ivan"]
[WhiteFideId "13502956"]
[BlackFideId "24115720"]
[WhiteElo "2626"]
[BlackElo "2322"]
[Result "1-0"]
[Round "10"]
[TimeControl "180+2"]
[Date "2023.03.07"]
[WhiteClock "0:00:45"]
[BlackClock "0:00:04"]

1. e4 c5 2. Nf3 e6 3. c3 Nf6 4. e5 Nd5 5. Bc4 Nb6 6. Bb3 d5 7. exd6 Qxd6 8. d4 cxd4 9. cxd4 Be7 10. O-O Nc6 11. Nc3 O-O 12. Re1 Rd8 13. Be3 Bd7 14. Ng5 Bxg5 15. Bxg5 f6 16. Be3 Ne7 17. Ne4 Qc6 18. Nc5 Nbd5 19. Rc1 Nf5 20. Qg4 Rac8 21. Bd2 Qd6 22. Nxb7 Qb6 23. Nxd8 Rxd8 24. Rc5 Qb7 25. Ba5 Rc8 26. Rec1 Rxc5 27. Rxc5 Qa6 28. Bc4 Qd6 29. h3 h5 30. Qe4 Nf4 31. Rxf5 Nd5 32. Bxd5 exd5 33. Qxd5+ 1-0


[Site "https://www.chess.com"]

[Event "Titled Tuesday Blitz March 07 Late 2023"]
[White "Corrales Jimenez, Fidel"]
[Black "Korchmar, Vasiliy"]
[WhiteFideId "3506690"]
[BlackFideId "24131750"]
[WhiteElo "2541"]
[BlackElo "2370"]
[Result "1-0"]
[Round "10"]
[TimeControl "180+2"]
[Date "2023.03.07"]
[WhiteClock "0:02:25"]
[BlackClock "0:00:09"]

1. e4 c5 2. Nf3 d6 3. d4 cxd4 4. Nxd4 Nf6 5. Nc3 Nc6 6. Bg5 Bd7 7. Bc4 e6 8. Nxc6 bxc6 9. Qe2 Qa5 10. Bxf6 gxf6 11. Bb3 h5 12. O-O-O h4 13. Kb1 Rb8 14. f4 Be7 15. f5 Qe5 16. Qa6 c5 17. Qxa7 Rc8 18. Ba4 Bxa4 19. Nxa4 Qxe4 20. Nb6 Rd8 21. fxe6 fxe6 22. Rhe1 Qg4 23. h3 Qf5 24. Nd5 Rd7 25. Qa8+ Rd8 26. Qb7 Rd7 27. Qc8+ Bd8 28. Rxe6+ Kf7 29. Qxd7+ 1-0


[Site "https://www.chess.com"]

[Event "Titled Tuesday Blitz March 07 Late 2023"]
[White "Albornoz Cabrera, Carlos Daniel"]
[Black "Martynov, Pavel"]
[WhiteFideId "3518736"]
[BlackFideId "4101260"]
[WhiteElo "2501"]
[BlackElo "2314"]
[Result "1-0"]
[Round "10"]
[TimeControl "180+2"]
[Date "2023.03.07"]
[WhiteClock "0:00:36"]
[BlackClock "0:00:33"]

1. d4 d5 2. c4 e6 3. Nc3 c5 4. cxd5 exd5 5. Nf3 Nc6 6. g3 Nf6 7. Bg2 Be7 8. O-O O-O 9. Bg5 cxd4 10. Nxd4 h6 11. Be3 Re8 12. Rc1 Bf8 13. Qd2 Bg4 14. h3 Be6 15. Rfd1 Qd7 16. Kh2 Ne5 17. b3 Rac8 18. Nxe6 fxe6 19. Bxa7 Bb4 20. Bd4 Qc7 21. Qf4 Ng6 22. Qxc7 Rxc7 23. Nb5 Rxc1 24. Rxc1 e5 25. Bb6 Ne7 26. a3 Nc8 27. Rxc8 Rxc8 28. axb4 Rc2 29. Bd8 Ne4 30. Bxe4 dxe4 31. Bb6 Kf8 32. Nd6 Rc6 33. Nc4 Ke7 34. b5 Rg6 35. Bc7 Rf6 36. Kg2 Ke6 37. Bxe5 Rf7 38. Bd4 Kd5 39. e3 g6 40. Ne5 Rf6 41. Ng4 Re6 42. Nxh6 Re8 43. Ng4 Ra8 44. Nf6+ 1-0


[Site "https://www.chess.com"]

[Event "Titled Tuesday Blitz March 07 Late 2023"]
[White "Melkumyan, Hrant"]
[Black "Martinez Ramirez, Lennis"]
[WhiteFideId "13302485"]
[BlackFideId "3509079"]
[WhiteElo "2604"]
[BlackElo "2439"]
[Result "1-0"]
[Round "10"]
[TimeControl "180+2"]
[Date "2023.03.07"]
[WhiteClock "0:00:09"]
[BlackClock "0:00:03"]

1. c4 e5 2. e3 Nf6 3. Nc3 c6 4. Nf3 e4 5. Nd4 d5 6. cxd5 cxd5 7. d3 a6 8. b3 Bd6 9. Bb2 Qe7 10. Be2 O-O 11. O-O Qe5 12. g3 Bh3 13. Re1 Nbd7 14. Qd2 Rad8 15. Rad1 Rfe8 16. dxe4 dxe4 17. Nc6 bxc6 18. Qxd6 Qf5 19. Qf4 Ne5 20. Rxd8 Rxd8 21. Qxf5 Bxf5 22. Nxe4 Nxe4 23. Bxe5 Rd2 24. a4 f6 25. Bc7 Be6 26. b4 Nc3 27. Bxa6 Nxa4 28. Rc1 Bd5 29. g4 Nb2 30. Bg3 Nd3 31. Rb1 Bf3 32. Bc4+ Kf8 33. h3 h5 34. gxh5 Bxh5 35. h4 Bf3 36. b5 cxb5 37. Bxb5 Kf7 38. Ra1 Kg6 39. Be8+ Kh6 40. Bb5 Kh5 41. Bc4 Kg6 42. Bb3 Kh7 43. Bf7 Kh6 44. Be8 Kh7 45. Ba4 Kg6 46. Rb1 Kh7 47. Bb3 Kh6 48. Rf1 Kg6 49. Kh2 Kf5 50. Ba4 Kg4 51. Bd7+ f5 52. Rg1 Kh5 53. Be8+ g6 54. Rf1 Kh6 55. Bf7 Kh5 56. Kg1 Kh6 57. Ra1 Kg7 58. Bc4 Kh6 59. Rb1 Kh5 60. Ra1 Kh6 61. Rf1 Kh5 62. Kh2 Kh6 63. Bxd3 Rxd3 64. Bf4+ Kg7 65. Kg3 Bh5 66. Ra1 Kf7 67. Ra7+ Ke6 68. Ra6+ Kd5 69. f3 Kc4 70. Rc6+ Kd5 71. Rc8 Ke6 72. Bg5 Ra3 73. Rc6+ Kf7 74. Kf4 Ra2 75. Rf6+ Kg7 76. Kg3 Re2 77. Re6 Re1 78. Re7+ Kf8 79. Kf2 Rh1 80. Kg3 Rf1 81. f4 Rf3+ 82. Kg2 Bg4 83. Re5 Bh5 84. Re6 Kf7 85. Rf6+ Kg7 86. Re6 Kf7 87. Re5 Kg7 88. Bd8 Kf7 89. Re7+ Kf8 90. Re6 Kf7 91. Rf6+ Kg7 92. Ra6 Rxe3 93. Bf6+ Kf8 94. Be5 Kf7 95. Kf2 Rf3+ 96. Ke1 Rh3 97. Kd2 Rxh4 98. Ke3 Rh3+ 99. Kd4 Rb3 100. Ra7+ Ke8 101. Bd6 Kd8 102. Ke5 Kc8 103. Ke6 Re3+ 104. Be5 Rd3 105. Rc7+ Kd8 106. Rc1 Bf3 107. Bf6+ Ke8 108. Rc8+ 1-0


[Site "https://www.chess.com"]

[Event "Titled Tuesday Blitz March 07 Late 2023"]
[White "Papasimakopoulos, Alexandros"]
[Black "Holt, Conrad"]
[WhiteFideId "4244125"]
[BlackFideId "2034387"]
[WhiteElo "2359"]
[BlackElo "2592"]
[Result "0-1"]
[Round "10"]
[TimeControl "180+2"]
[Date "2023.03.07"]
[WhiteClock "0:00:03"]
[BlackClock "0:00:22"]

1. d4 d5 2. c4 c6 3. cxd5 cxd5 4. Bf4 Nf6 5. Nc3 Nc6 6. e3 Bf5 7. Qb3 Na5 8. Qa4+ Bd7 9. Qc2 e6 10. Bd3 Nc6 11. a3 Nh5 12. Be5 Qg5 13. Bg3 Qh6 14. Nge2 Nxg3 15. Nxg3 Rc8 16. O-O Bd6 17. f4 g5 18. Nge2 gxf4 19. exf4 Qg7 20. Kh1 Nxd4 21. Nxd4 Qxd4 22. Qd2 a6 23. Rae1 Kd8 24. Rc1 Rc6 25. Ne2 Qf6 26. b4 Rxc1 27. Rxc1 Ke7 28. g3 h5 29. Qc3 Qxc3 30. Rxc3 h4 31. Kg2 hxg3 32. hxg3 Rc8 33. Rxc8 Bxc8 34. Kf3 a5 35. bxa5 Bxa3 36. Nd4 f6 37. Nb5 Bc5 38. g4 e5 39. fxe5 fxe5 40. g5 e4+ 41. Bxe4 dxe4+ 42. Kxe4 Bb4 43. a6 bxa6 44. Nd4 Bb7+ 45. Kd3 Bd5 46. Nf5+ Ke6 47. Ne3 Ke5 0-1


[Site "https://www.chess.com"]

[Event "Titled Tuesday Blitz March 07 Late 2023"]
[White "Rytenko, Vsevolod"]
[Black "Costachi, Mihnea"]
[WhiteFideId "14133040"]
[BlackFideId "1217518"]
[WhiteElo "2262"]
[BlackElo "2456"]
[Result "1/2-1/2"]
[Round "10"]
[TimeControl "180+2"]
[Date "2023.03.07"]
[WhiteClock "0:00:22"]
[BlackClock "0:00:07"]

1. e4 e5 2. Nf3 Nc6 3. Bc4 Bc5 4. d3 Nf6 5. Nbd2 h6 6. O-O O-O 7. Re1 d6 8. a4 a6 9. c3 Ba7 10. Nf1 Nh5 11. Ng3 Nf4 12. Bxf4 exf4 13. Nh5 Bg4 14. Nxf4 Ne5 15. Bb3 Bxf3 16. gxf3 Qh4 17. d4 Qxf4 18. dxe5 dxe5 19. Qe2 Kh8 20. Kh1 Qh4 21. Rg1 Qxf2 22. Qxf2 Bxf2 23. Rgf1 Be3 24. Rad1 Rad8 25. Rxd8 Rxd8 26. Rd1 Rxd1+ 27. Bxd1 h5 28. Kg2 Kh7 29. h3 Kh6 30. Bb3 f6 31. Be6 a5 32. b3 Kg5 33. Bc8 b6 34. b4 Bd2 35. bxa5 bxa5 36. c4 Kf4 37. Kf2 Be3+ 38. Ke2 Bd4 39. Bd7 Kg3 40. Bc8 Kf4 41. Bd7 g6 42. Be8 Kg5 43. Bf7 f5 44. Kd3 Kf6 45. Be8 c5 46. Bd7 Kg5 47. Be8 f4 48. Bf7 Kf6 49. Be8 Kg5 50. Bf7 Kh6 51. Ke2 Kg7 52. Be6 Kf6 53. Bc8 Kg5 54. Bd7 Kh4 55. Be6 Kg3 56. Bd7 g5 57. Be6 Bc3 58. Bf7 g4 59. hxg4 hxg4 60. Bh5 gxf3+ 61. Bxf3 Bd4 62. Bh5 Kh2 63. Bf3 Kg3 64. Bh5 Be3 65. Bf3 Bd4 1/2-1/2


[Site "https://www.chess.com"]

[Event "Titled Tuesday Blitz March 07 Late 2023"]
[White "Skvortsov, Andrei"]
[Black "Rorrer, Grayson"]
[WhiteFideId "24108600"]
[BlackFideId "30944996"]
[WhiteElo "2259"]
[BlackElo "2200"]
[Result "1/2-1/2"]
[Round "10"]
[TimeControl "180+2"]
[Date "2023.03.07"]
[WhiteClock "0:00:15"]
[BlackClock "0:00:06"]

1. e4 e5 2. d4 exd4 3. Qxd4 Nc6 4. Qd3 d5 5. Qxd5 Qxd5 6. exd5 Nb4 7. Bb5+ Bd7 8. Bxd7+ Kxd7 9. Kd1 Nxd5 10. Nf3 f6 11. c4 Nb4 12. Be3 Ne7 13. Nc3 Nf5 14. a3 Nxe3+ 15. fxe3 Nc6 16. Kc2 Re8 17. Rhe1 Kc8 18. Rad1 Bd6 19. Nb5 Be7 20. Nbd4 Nd8 21. Nf5 g6 22. N5d4 a6 23. e4 Bd6 24. b4 Nf7 25. c5 Be5 26. Ne2 Rhf8 27. Nc1 Bf4 28. Nd3 Bh6 29. Re2 Nd8 30. e5 fxe5 31. Rxe5 Nc6 32. Rxe8+ Rxe8 33. Re1 Rf8 34. Re4 Bg7 35. Nf4 Kd7 36. Kd3 Bf6 37. a4 Ne7 38. Kc4 Nf5 39. Nd5 Bd8 40. Ne5+ Kc8 41. g4 Ng7 42. Rf4 Re8 43. Nd3 Ne6 44. Re4 Kd7 45. Ne5+ Kc8 46. Nf3 Ng7 47. Rxe8 Nxe8 48. Ne5 Bh4 49. b5 axb5+ 50. axb5 Ng7 51. Nf4 Bf6 52. Nf3 Be7 53. Kd5 Kd7 54. c6+ bxc6+ 55. bxc6+ Ke8 56. Ne6 Nxe6 57. Kxe6 Bd6 58. h3 Kf8 59. Ng5 Kg7 60. Ne4 Bf4 61. Nf6 Kh6 62. Nd5 Bg3 63. Kd7 Kg5 64. Nxc7 Kh4 65. Nb5 Bb8 66. Kc8 Be5 67. Kd7 Bb8 68. Nc7 Kxh3 69. Na6 Be5 70. g5 Kg4 71. Nc5 Bb8 72. Kc8 Bd6 73. Ne4 Be5 74. Kd7 Bb8 75. Ke6 Bc7 76. Nf6+ Kxg5 77. Nxh7+ Kf4 78. Kd7 Bb8 79. Nf8 g5 80. Ne6+ Kf5 81. Nd4+ Kg6 82. Nb5 g4 83. Kc8 Be5 84. Kd7 Bb8 85. Nd4 g3 86. Ne2 g2 87. Ng1 Kf5 88. c7 Bxc7 89. Kxc7 Kg4 90. Kd6 Kg3 91. Ke5 Kf2 92. Nh3+ Kg3 93. Ng1 Kf2 94. Nh3+ Kf1 95. Kf4 g1=Q 96. Nxg1 1/2-1/2


[Site "https://www.chess.com"]

[Event "Titled Tuesday Blitz March 07 Late 2023"]
[White "EREBUNI91"]
[Black "Cuenca Jimenez, Jose Fernando"]
[BlackFideId "2255570"]
[WhiteElo "2751"]
[BlackElo "2429"]
[Result "0-1"]
[Round "10"]
[TimeControl "180+2"]
[Date "2023.03.07"]
[WhiteClock "0:00:03"]
[BlackClock "0:00:24"]

1. e4 d6 2. d4 Nf6 3. Nc3 e5 4. Nf3 Nbd7 5. Bc4 Be7 6. O-O O-O 7. a4 c6 8. Qe2 exd4 9. Nxd4 Re8 10. Re1 d5 11. Ba2 Bb4 12. Qf3 Bxc3 13. bxc3 Nxe4 14. c4 Ne5 15. Qe2 Nxc4 16. Bxc4 dxc4 17. Qxc4 Be6 18. Nxe6 Rxe6 19. Bb2 Qd5 20. Qb4 c5 21. Qa3 Rd8 22. h3 h6 23. Qf3 Qc4 24. Rad1 Rde8 25. Rd7 Ng5 26. Qf5 Rxe1+ 27. Kh2 Qe6 28. Qxe6 Nxe6 0-1


[Site "https://www.chess.com"]

[Event "Titled Tuesday Blitz March 07 Late 2023"]
[White "Oro, Faustino"]
[Black "Adewumi, Tanitoluwa"]
[WhiteFideId "20000197"]
[BlackFideId "30966396"]
[WhiteElo "1984"]
[BlackElo "2747"]
[Result "0-1"]
[Round "10"]
[TimeControl "180+2"]
[Date "2023.03.07"]
[WhiteClock "0:00:02"]
[BlackClock "0:00:14"]

1. Nf3 Nf6 2. g3 d5 3. Bg2 Bf5 4. O-O e6 5. d3 c6 6. Nbd2 h6 7. Qe1 Bh7 8. e4 Be7 9. b3 O-O 10. Bb2 Qa5 11. Qe2 Ba3 12. Bxf6 gxf6 13. Qe3 Kg7 14. e5 Bb2 15. Rab1 Bc3 16. d4 Nd7 17. a3 fxe5 18. dxe5 d4 19. Qf4 Bxd2 20. Nxd2 Qxe5 21. Qg4+ Kh8 22. Nc4 Qg7 23. Qf4 e5 24. Qd2 Rad8 25. Rbe1 f6 26. f4 b5 27. Nd6 Nc5 28. fxe5 fxe5 29. Rxf8+ Qxf8 30. Ne4 d3 31. Qc3 Bxe4 32. Bxe4 d2 33. Qxe5+ Qg7 0-1


[Site "https://www.chess.com"]

[Event "Titled Tuesday Blitz March 07 Late 2023"]
[White "Grover, Sahaj"]
[Black "Guzman, Christopher"]
[WhiteFideId "5021103"]
[BlackFideId "6405096"]
[WhiteElo "2432"]
[BlackElo "2281"]
[Result "1-0"]
[Round "10"]
[TimeControl "180+2"]
[Date "2023.03.07"]
[WhiteClock "0:01:47"]
[BlackClock "0:00:45"]

1. c4 Nf6 2. Nc3 e6 3. Nf3 d5 4. e3 Be7 5. b3 O-O 6. Bb2 b6 7. Qc2 Bb7 8. cxd5 Nxd5 9. Nxd5 exd5 10. Bd3 h6 11. b4 Nd7 12. b5 Rc8 13. Bh7+ Kh8 14. Bf5 c5 15. Ne5 Nxe5 16. Bxc8 Qxc8 17. Bxe5 Qe6 18. d4 cxd4 19. Bxd4 Bb4+ 20. Kf1 Rc8 21. Qb2 Bf8 22. f3 Qg6 23. Rc1 Rxc1+ 24. Qxc1 Qd3+ 25. Kf2 Qxb5 26. Qc7 Bc6 27. Qxf7 Qb4 28. Rb1 Qd2+ 29. Kg3 Bd6+ 30. f4 Bxf4+ 31. Qxf4 1-0


[Site "https://www.chess.com"]

[Event "Titled Tuesday Blitz March 07 Late 2023"]
[White "Fishbein, Alexander"]
[Black "Iliaguev, Nisim"]
[WhiteFideId "2000377"]
[BlackFideId "2817276"]
[WhiteElo "2415"]
[BlackElo "2241"]
[Result "0-1"]
[Round "10"]
[TimeControl "180+2"]
[Date "2023.03.07"]
[WhiteClock "0:00:17"]
[BlackClock "0:01:56"]

1. Nf3 g6 2. e4 Bg7 3. d4 c5 4. d5 d6 5. c4 Nf6 6. Nc3 O-O 7. Bd3 e6 8. O-O exd5 9. cxd5 Bg4 10. h3 Bxf3 11. Qxf3 Nbd7 12. Bc2 a6 13. a4 Qc7 14. Bf4 Rfe8 15. Rfe1 Rab8 16. Rac1 b5 17. axb5 axb5 18. b4 c4 19. Be3 Ne5 20. Qe2 Qd7 21. Ra1 Ra8 22. Rxa8 Rxa8 23. f4 Nd3 24. Bxd3 cxd3 25. Qxd3 Ra3 26. Bd4 Qc7 27. Rc1 h5 28. Kh2 h4 29. e5 Nxd5 30. exd6 Qxd6 31. Rd1 Nxc3 32. Bxg7 Qxd3 33. Rxd3 Kxg7 0-1


[Site "https://www.chess.com"]

[Event "Titled Tuesday Blitz March 07 Late 2023"]
[White "Golubka, Petro"]
[Black "Gerzhoy, Leonid"]
[WhiteFideId "14114224"]
[BlackFideId "2806126"]
[WhiteElo "2391"]
[BlackElo "2623"]
[Result "1-0"]
[Round "10"]
[TimeControl "180+2"]
[Date "2023.03.07"]
[WhiteClock "0:00:21"]
[BlackClock "0:00:24"]

1. e4 d6 2. d4 Nf6 3. Nc3 e5 4. Nge2 Be7 5. Be3 Ng4 6. Bd2 Nf6 7. f3 O-O 8. Be3 Nbd7 9. Qd2 Nb6 10. b3 exd4 11. Nxd4 c5 12. Ndb5 d5 13. e5 d4 14. exf6 Bxf6 15. Bxd4 cxd4 16. Ne4 d3 17. O-O-O dxc2 18. Qxc2 Qe7 19. Qc5 Qxc5+ 20. Nxc5 Bf5 21. Nd6 Bg6 22. Bd3 Bg5+ 23. Kb2 Bf6+ 24. Kc1 Bg5+ 25. Kb2 Bf6+ 26. Kb1 Nd5 27. Bxg6 Nc3+ 28. Kc2 Nxd1 29. Bxf7+ Rxf7 30. Nxf7 Ne3+ 31. Kd3 Nxg2 32. Nd6 Be7 33. Ndxb7 Rf8 34. Ke2 Nf4+ 35. Kd2 Nd5 36. Rf1 Bg5+ 37. Kd3 Ne3 38. Rg1 h6 39. Rxg5 hxg5 40. Kxe3 Re8+ 41. Ne4 Re5 42. Nd6 Kh7 43. Nf7 Ra5 44. Nfxg5+ Kg6 45. a4 Ra6 46. h4 Rb6 47. Nd2 Kh5 48. Nge4 Kxh4 49. Kd4 g5 50. Kc5 Rb8 51. b4 g4 52. fxg4 Kxg4 53. Nd6 Kf4 54. N2c4 Kf3 55. a5 Ke2 56. a6 Kd3 57. Ne5+ Kc3 58. Nb5+ Kb3 59. Nc6 Rh8 60. Nbxa7 Ka4 61. b5 Rh5+ 62. Kb6 Rh6 63. Nc8 1-0


[Site "https://www.chess.com"]

[Event "Titled Tuesday Blitz March 07 Late 2023"]
[White "Shapiro, David"]
[Black "Bilych, Olexiy"]
[WhiteFideId "24133523"]
[BlackFideId "14156504"]
[WhiteElo "2300"]
[BlackElo "2320"]
[Result "1/2-1/2"]
[Round "10"]
[TimeControl "180+2"]
[Date "2023.03.07"]
[WhiteClock "0:00:19"]
[BlackClock "0:00:28"]

1. d4 Nf6 2. c4 g6 3. Nf3 Bg7 4. g3 O-O 5. Bg2 d6 6. O-O Nc6 7. Nc3 e5 8. dxe5 dxe5 9. Bg5 Be6 10. Qa4 Qc8 11. Rfd1 Nd7 12. Nd5 Nb6 13. Qc2 f6 14. Be3 Rd8 15. Ne1 f5 16. Bg5 Rf8 17. b3 e4 18. Rac1 Bxd5 19. cxd5 Nd4 20. Qd2 Nxd5 21. Nc2 h6 22. Bxh6 Bxh6 23. Qxh6 Nxe2+ 24. Kf1 Qe6 25. Kxe2 Nc3+ 26. Kf1 Nxd1 27. Rxd1 Rad8 28. Rxd8 Rxd8 29. Ne3 Qf6 30. Bh3 Kf7 31. Qh7+ Qg7 32. Qh4 Rh8 33. Qf4 Rxh3 34. Qxc7+ Kg8 35. Qd8+ Kh7 36. Nd5 Rxh2 37. Nf6+ Kh6 38. Ng8+ Kh5 39. Nf6+ Kh6 40. Ng8+ Kh7 41. Nf6+ Kh6 1/2-1/2


[Site "https://www.chess.com"]